 Dungeon Crawl Stone Soup version 0.25.1-8-g42b30a86e7 (webtiles) character file.

Game seed: 9760660709260380390

146 Destapler the Skirmisher (level 5, -8/45 (46) HPs)
             Began as a Ghoul Fighter on Dec 12, 2020.
             Killed from afar by Ijyb (12 damage)
             ... with a bolt of acid
             ... on level 3 of the Dungeon.
             The game lasted 00:04:41 (3083 turns).

Destapler the Skirmisher (Ghoul Fighter)            Turns: 3083, Time: 00:04:41

HP:   -8/45 (46)    AC:  2    Str: 20    XL:     5   Next: 28%
MP:   4/4           EV:  6    Int:  3    God:
Gold: 93            SH: 15    Dex:  9    Spells: 4/4 levels left

rFire    . . .     SeeInvis .   a - +0 flail
rCold    + . .     Gourm    .   u - +2 tower shield
rNeg     + + +     Faith    .   m - +0 leather armour (curse)
rPois    ∞         Spirit   .   (no helmet)
rElec    .         Reflect  .   s - +2 cloak
rCorr    .         Harm     .   (no gloves)
MR       .....                  (no boots)
Stlth    +.........             (no amulet)
HPRegen  0.00/turn              (no ring)
MPRegen  0.09/turn              (no ring)

@: corroded, rotting
A: rotting body, claws 1, carnivore, cold resistance 1, negative energy
resistance 3, inhibited regeneration, torment resistance, unbreathing
a: no special abilities


You were on level 3 of the Dungeon.
You were not hungry.

You visited 1 branch of the dungeon, and saw 3 of its levels.

You collected 93 gold pieces.

Inventory:

Hand Weapons
 a - a +0 flail (weapon)
Missiles
 k - 8 poisoned darts (quivered)
Armour
 b - a +0 scale mail
 c - a +0 kite shield
 m - a cursed +0 leather armour (worn)
 s - a +2 cloak (worn)
 u - a +2 tower shield (worn)
 y - a +1 leather armour of magic resistance
Scrolls
 e - a scroll of fear {unknown}
 g - 3 scrolls of teleportation {unknown}
 i - a scroll of enchant armour {unknown}
 j - 2 scrolls of amnesia {unknown}
 l - 3 scrolls of identify {unknown}
 t - a scroll of immolation {unknown}
 w - 2 scrolls of enchant weapon {unknown}
 x - a scroll of remove curse {unknown}
Potions
 d - a potion of might
 h - a potion of magic {unknown}
 n - a potion of stabbing {unknown}
 o - 3 potions of curing {unknown}
 p - a potion of heal wounds
 q - 2 potions of ambrosia {unknown}
 r - 2 potions of resistance {unknown}
 v - a potion of degeneration {unknown}
Comestibles
 f - 9 rations
 z - 7 chunks of flesh


   Skills:
 + Level 4.2 Fighting
 + Level 2.8 Maces & Flails
 + Level 3.5 Armour
 + Level 3.5 Shields


You had 4 spell levels left.
You didn't know any spells.
Your spell library was empty.

Dungeon Overview and Level Annotations

Branches:
Dungeon (3/15)

Altars:
Ashenzari
Uskayaw

Annotations:
D:3 Ijyb


Innate Abilities, Weirdness & Mutations

Your body is rotting away.
You thrive on raw meat.
You are immune to poison.
You have sharp fingernails.
You are carnivorous and can eat meat at any time.
Your flesh is cold resistant. (rC+)
You are immune to negative energy. (rN+++)
You do not regenerate when monsters are visible.
You are immune to unholy pain and torment.
You can survive without breathing.


Message History

Ijyb is heavily wounded.
Ijyb hits you. You block Ijyb's attack.
Some of the chunks of flesh in your inventory have rotted away.
Your shield prevents you from hitting Ijyb.
Ijyb is heavily wounded.
Ijyb hits you but does no damage.
You closely miss Ijyb.
Ijyb is heavily wounded.
You block Ijyb's attack.
You closely miss Ijyb.
Ijyb is heavily wounded.
Ijyb zaps a wand.
The bolt of acid hits you.
* * * LOW HITPOINT WARNING * * *
The acid corrodes you!
You are splashed with acid!
* * * LOW HITPOINT WARNING * * *
Ijyb zaps a wand.
The bolt of acid misses you.
You closely miss Ijyb.
Ijyb is heavily wounded.
Ijyb zaps a wand.
The bolt of acid hits you!
You die...

..._...8.####.................#..
...).....>.........##....#....#..
.......8.####....#...<...#....##.
.........####.#..#..#..#.#...###.
.......8.........................
.........#.......#...............
#..####..#.##.##.#.......#.......
...# #.......##.#.#..#.......##.
#..# #.(#.##)..@.....#..........
#..# #..#.##[##.g..........#.##.
#.#####..#.##.#...##..##.##.#...<
.........#............##.####.##.
######................g..........
#............#.#.##.####....
#)...........#.#.##.#######.
#..##.#.#......#.##.......#[
..................##.#######.


You could see Ijyb.

Vanquished Creatures
  Natasha (twice) (D:2)
  2 adders (D:2)
  An ooze (D:2)
  A worm (D:2)
  3 dart slugs
  A leopard gecko (D:2)
  4 orcs (D:3)
  A giant cockroach (D:3)
  6 goblins
  10 hobgoblins
  4 jackals (D:1)
  A quokka (D:2)
  7 bats
  3 frilled lizards
  3 kobolds (D:1)
  6 rats
55 creatures vanquished.

Notes
Turn   | Place    | Note
-------+----------+-------------------------------------------
     0 | D:1      | Destapler the Ghoul Fighter began the quest for the Orb.
     0 | D:1      | Reached XP level 1. HP: 19/19 MP: 0/0
   107 | D:1      | Reached XP level 2. HP: 5/25 MP: 1/1
  1079 | D:1      | Reached XP level 3. HP: 24/31 MP: 2/2
  1220 | D:2      | Found a shattered altar of Ashenzari.
  1913 | D:2      | Reached XP level 4. HP: 25/40 MP: 3/3
  2213 | D:2      | Noticed Natasha
  2221 | D:2      | Killed Natasha
  2221 | D:2      | Reached skill level 4 in Fighting
  2388 | D:2      | Noticed Natasha
  2401 | D:2      | Killed Natasha
  2401 | D:2      | Reached XP level 5. HP: 25/46 MP: 4/4
  2713 | D:3      | Found a hide-covered altar of Uskayaw.
  3044 | D:3      | Noticed Ijyb
  3083 | D:3      | Killed from afar by Ijyb

Illustrated notes

Levels and vault maps discovered:
D:1:      dpeg_arrival_brainrot, layout_loops_ring
D:2:      layout_basic, interstate_on_off, nicolae_ashenzari_panopticon,
          uniq_natasha
D:3:      layout_basic, eat_drink_and_be_merry_uskayaw, tso_altar,
          old_standard_altar, uniq_ijyb

Skill      XL: |  1  2  3  4 |
---------------+-------------+-----
Maces & Flails | 2 |  2.8
Armour         | 3 |  3.5
Shields        | 3 |  3.5
Fighting       | 4 |  4.2

Action                   |  1- 3 |  4- 6 || total
-------------------------+-------+-------++-------
Melee: Flail             |   149 |   100 ||   249
Throw: Dart              |       |     2 ||     2
  Eat: Chunk             |     6 |     1 ||     7
Armor: Scale mail        |    53 |       ||    53
       Leather armour    |    17 |    24 ||    41
Dodge: Dodged            |    58 |    27 ||    85
Block: Kite shield       |    85 |     9 ||    94
       Tower shield      |       |    79 ||    79
